 Dungeon Crawl Stone Soup version 0.31.0-11-ge490571c62 (webtiles) character file.

Game seed: 872199783158972301

30 ChrisAssaf the Sneak (level 2, 0/22 HPs)
             Began as a Human Brigand on Jan 29, 2024.
             Was a Follower of Ru.
             Slain by an adder (2 damage)
             ... on level 3 of the Dungeon.
             The game lasted 00:03:22 (677 turns).

ChrisAssaf the Sneak (Human Brigand)                 Turns: 677, Time: 00:03:22

Health: 0/22       AC:  3    Str: 11    XL:     2   Next: 20%
Magic:  2/2        EV: 12    Int: 11    God:    Ru [*.....]
Gold:   55         SH:  0    Dex: 14    Spells: 1/1 levels left

rFire   . . .        a - +2 dagger
rCold   . . .        (no shield)
rNeg    . . .        b - +0 robe
rPois   .            (no helmet)
rElec   .            c - +0 cloak
rCorr   .            (no gloves)
SInv    .            (no boots)
Will    .....        (no amulet)
Stlth   +++          (no ring)
HPRegen 0.23/turn    (no ring)
MPRegen 0.08/turn

%: no passive effects
@: lethally poisoned (0 -> -3)
A: inexperienced 1, explore regen
a: Renounce Religion


You were on level 3 of the Dungeon.
You worshipped Ru.
Ru was aware of your devotion.
You visited 1 branch of the dungeon, and saw 3 of its levels.

You collected 55 gold pieces.

Inventory:

Hand Weapons
 a - a +2 dagger (weapon)
Missiles
 d - 10 poisoned darts (quivered)
 e - 3 curare-tipped darts
Armour
 b - a +0 robe (worn)
 c - a +0 cloak (worn)
Talismans
 i - a flux talisman
Scrolls
 h - a scroll of immolation
Potions
 f - a potion of might {unknown}
 g - a potion of enlightenment {unknown}
 j - a potion of ambrosia {unknown}


   Skills:
 * Level 2.2 Fighting
 * Level 2.2 Short Blades
 * Level 2.0 Throwing
 * Level 0.4 Armour
 * Level 1.6 Dodging
 * Level 4.5 Stealth


You had one spell level left.
You didn't know any spells.
Your spell library was empty.

Dungeon Overview and Level Annotations

Branches:
Dungeon (2/15)

Altars:
Ru


Innate Abilities, Weirdness & Mutations

You are somewhat inexperienced. (-1 XL)
You regain HP and MP as you explore.


Message History

You open the door.
An adder comes into view.
The adder hisses angrily.
The adder bites you but does no damage.
There is an open door here.
You hit the adder but do no damage. The adder bites you.
You miss the adder. The adder closely misses you.
You closely miss the adder. The adder bites you.
You closely miss the adder. The adder barely misses you.
You miss the adder. The adder barely misses you. The adder bites you.
You closely miss the adder. The adder barely misses you.
You hit the adder.
The adder is lightly wounded.
The adder misses you.
You miss the adder.
The adder is lightly wounded.
The adder bites you.
You miss the adder.
The adder is lightly wounded.
The adder bites you.
You are poisoned.
The adder poisons you!
You closely miss the adder.
The adder is lightly wounded.
You feel sick. The adder bites you. The adder closely misses you.
You miss the adder.
The adder is lightly wounded.
You feel sick. The adder bites you.
* * * LOW HITPOINT WARNING * * *
You are lethally poisoned!
The adder poisons you!
You barely miss the adder.
The adder is lightly wounded.
* * * LOW HITPOINT WARNING * * *
You feel sick. The adder closely misses you.
You hit the adder.
The adder is moderately wounded.
* * * LOW HITPOINT WARNING * * *
You feel sick. The adder bites you.
You die...

##### ####### #...#
#.....# #...######
#.....# ##...#....#
#.....###....@S...+
####.....'......#....#
.........####...#....#
......>.....#...#....#
.......####.#...#....#
...###+### #####....#
.......... ....#
.......... #####
..........


You could see an adder.

Vanquished Creatures
  An adder (D:3)
  A bat (D:1)
  2 goblins (D:1)
  2 hobgoblins (D:2)
  3 jackals (D:1)
  A kobold (D:3)
  3 quokkas
  2 ball pythons
  4 frilled lizards
  2 rats
21 creatures vanquished.

Notes
Turn   | Place    | Note
-------+----------+-------------------------------------------
     0 | D:1      | ChrisAssaf the Human Brigand began the quest for the Orb.
     0 | D:1      | Reached XP level 1. HP: 16/16 MP: 1/1
   122 | D:1      | Reached XP level 2. HP: 17/22 MP: 2/2
   444 | D:2      | Found a faded altar of an unknown god.
   463 | D:2      | Prayed at the altar of an unknown god.
   463 | D:2      | Became a worshipper of Ru the Awakened
   469 | D:2      | Gained mutation: You are somewhat inexperienced. (-1 XL)
                  | [Ru sacrifice]
   469 | D:2      | Reached XP level 1. HP: 16/16 MP: 1/1
   469 | D:2      | Reached * piety under Ru
   505 | D:2      | You fall into a shaft and drop 1 floor!
   518 | D:3      | Reached XP level 2. HP: 13/22 MP: 2/2
   677 | D:3      | Slain by an adder

Illustrated notes

Levels and vault maps discovered:
D:1:      dpeg_arrival_rooms_c, layout_basic
D:2:      layout_basic, shapermc_ecumenical_altar_ellora
D:3:      layout_basic, gup_sewer_entry_bubbles, uniq_crazy_yiuf_cottage

Action                     || total
---------------------------++-------
  Melee: Dagger            ||    52
  Throw: Dart              ||    12
 Invoke: Sacrifice Experie ||     1
    Use: Scroll            ||     3
   Stab: Sleeping          ||     4
 Armour: Robe              ||    32
  Dodge: Dodged            ||    40
